 Dungeon Crawl Stone Soup version 0.28-a0-172-g787e458d71 (webtiles) character file.

Game seed: 18291548642224182044

471 frimble the Skirmisher (level 6, 0/52 HPs)
             Began as a Minotaur Warper on Aug 17, 2021.
             Killed by divine providence
             ... invoked by an orc priest
              (10 damage)
             ... on level 5 of the Dungeon.
             The game lasted 00:04:01 (5872 turns).

frimble the Skirmisher (Minotaur Warper)            Turns: 5872, Time: 00:04:02

Health: 0/52       AC:  6    Str: 15    XL:     6   Next: 83%
Magic:  8/8        EV: 12    Int: 11    God:
Gold:   29         SH:  0    Dex: 11    Spells: 7/9 levels left

rFire   + + .      SeeInvis .   a - +0 short sword
rCold   x . .      Faith    .   (no shield)
rNeg    . . .      Spirit   .   l - +0 leather armour {Will+}
rPois   .          Reflect  .   (helmet restricted)
rElec   .          Harm     .   (no cloak)
rCorr   .          Rampage  .   n - +2 pair of gloves {archery}
Will    +....                   (no boots)
Stlth   +.........              (no amulet)
HPRegen 0.17/turn               e - ring of protection from fire
MPRegen 0.11/turn               j - ring of fire

@: no status effects
A: horns 2, retaliatory headbutt
a: no special abilities


You were on level 5 of the Dungeon.
You visited 1 branch of the dungeon, and saw 5 of its levels.

You collected 246 gold pieces.
You spent 217 gold pieces at shops.

Inventory:

Hand Weapons
 a - a +0 short sword (weapon)
Missiles
 d - a boomerang of dispersal (quivered)
Armour
 l - a +0 leather armour of willpower (worn)
 n - a +2 pair of gloves of archery (worn)
Jewellery
 e - a ring of protection from fire (left hand)
 j - a ring of fire (right hand)
 m - a ring of positive energy
Scrolls
 c - a scroll of blinking
 f - a scroll of teleportation
 g - a scroll of identify
 i - a scroll of holy word
Potions
 h - a potion of resistance


   Skills:
 + Level 4.0 Fighting
 + Level 3.7 Short Blades
 + Level 2.7 Throwing
 + Level 3.3 Armour
 + Level 3.7 Dodging
 - Level 2.0 Spellcasting
 + Level 3.0 Translocations


You had 7 spell levels left.
You knew the following spells:

 Your Spells              Type           Power      Damage    Failure   Level
a - Blink                 Tloc           N/A        N/A       16%         2

Your spell library contained the following spells:

 Spells                   Type           Power      Damage    Failure   Level
 Gell's Gravitas          Tloc           3%         N/A       30%         3
 Lesser Beckoning         Tloc           3%         N/A       30%         3
 Teleport Other           Tloc           7%         N/A       30%         3
 Animate Skeleton         Necr           2%         N/A       34%         1
 Freeze                   Ice            4%         1d3       34%         1
 Magic Dart               Conj           4%         1d3       34%         1
 Pain                     Necr           4%         1d4       34%         1
 Searing Ray              Conj           2%         3d3       47%         2
 Slow                     Hex            1%         N/A       47%         2
 Confusing Touch          Hex            1%         N/A       71%         3
 Frozen Ramparts          Ice            2%         1d2       71%         3
 Vampiric Draining        Necr           0%         2d6       71%         3
 Manifold Assault         Tloc           7%         N/A       96%         5
 Fulminant Prism          Conj/Hex       0%         3d6       98%         4
 Hailstorm                Conj/Ice       1%         3d3       98%         4
 Yara's Violent Unravell  Hex/Tmut       0%         3d3       100%        5


Dungeon Overview and Level Annotations

Branches:
Dungeon (5/15)
 Temple: D:4-7

Altars:

Shops:
D:4 [

Annotations:
D:3 1 runed translucent door, Crazy Yiuf
D:4 2 transporters, louisi3's ghost, amateur DECj


Innate Abilities, Weirdness & Mutations

You have a pair of horns on your head.
You reflexively headbutt those who attack you in melee.


Message History

An orc priest is nearby!
An orc priest is nearby!
An orc priest is nearby!
You barely miss the orc priest.
The orc priest mumbles some strange prayers to Beogh against you.
Beogh smites you!
You hear a shout! x2
You are too injured to fight recklessly!
You are too injured to fight recklessly!
You are too injured to fight recklessly!
You are too injured to fight recklessly!
You are too injured to fight recklessly!
You are too injured to fight recklessly!
You are too injured to fight recklessly!
You hit the orc priest but do no damage.
The orc priest hits you but does no damage.
You hit the orc priest. You headbutt the orc priest!
The orc priest is severely wounded.
The orc priest invokes the aid of Beogh against you.
Beogh smites you!
You barely miss the orc priest. Your headbutt misses the orc priest.
The orc priest is severely wounded.
The orc shouts!
Something barely misses you.
The orc priest hits you with a +2 mace of venom.
The orc barely misses you.
You hit the orc priest.
The orc priest is almost dead.
Something hits you but does no damage.
The orc priest mumbles some strange prayers to Beogh against you.
Beogh smites you!
* * * LOW HITPOINT WARNING * * *
The orc completely misses you. You furiously retaliate!
You headbutt the orc!
You kill the orc!
You hit the orc priest.
The orc priest is almost dead.
Something hits you but does no damage.
The orc priest calls down the wrath of Beogh upon you.
Beogh smites you!
You die...

......#..## .....##...##. ...##.
............. ...#. .
.........♣♣... .... ..
.......♣♣♣ ♣.. ...#.. .......♣
♣...##....# ### #......♣
♣...#....# #####.## ##.##..♣
♣...o){.#### #......# ##..#..♣♣
..##@###..###......#
##......♣♣♣♣..#.o.#....###.#...#
##........(...#..........#....##
#............#...............##
............##.##............#
...............###....#.###.##
#........#............### #.#
###.#...###...........# ###
###...# ###..###.#.##


You could see an orc priest and an orc.

Vanquished Creatures
  A sky beast (D:5)
  A phantom (D:5)
  A howler monkey (D:3)
  A jelly (D:5)
  A bullfrog skeleton (D:5)
  2 hounds
  2 iguanas
  A hound zombie (D:5)
  2 adders
  An adder skeleton (D:4)
  2 worms (D:3)
  3 dart slugs
  An orc (D:5)
  9 ball pythons
  4 endoplasms
  2 goblins
  7 hobgoblins
  2 jackals (D:1)
  A quokka (D:3)
  3 bats
  6 kobolds
  6 rats
59 creatures vanquished.

Notes
Turn   | Place    | Note
-------+----------+-------------------------------------------
     0 | D:1      | frimble the Minotaur Warper began the quest for the Orb.
     0 | D:1      | Reached XP level 1. HP: 18/18 MP: 1/1
   266 | D:1      | Reached XP level 2. HP: 22/25 MP: 3/3
   648 | D:1      | Found a faded altar of an unknown god.
  1163 | D:1      | Learned a level 2 spell: Blink
  1989 | D:2      | Reached XP level 3. HP: 30/30 MP: 4/4
  2233 | D:2      | Reached skill level 3 in Fighting
  2756 | D:3      | Reached XP level 4. HP: 29/38 MP: 5/5
  3714 | D:3      | Found a runed translucent door.
  3715 | D:3      | Noticed Crazy Yiuf
  4319 | D:4      | Reached XP level 5. HP: 40/45 MP: 6/6
  4364 | D:4      | Identified the +2 leather armour of the Scribe {rF++ Will-
                  | rCorr Str-4}
  4397 | D:4      | Found Leaff's Antique Armour Shoppe.
  4578 | D:4      | Bought a pair of embroidered gloves for 217 gold pieces
  4611 | D:4      | Noticed louisi3's ghost (amateur DECj)
  4612 | D:4      | Found a transporter.
  4613 | D:4      | Identified the +7 dire flail "Ruodwu" {antimagic, rN+ rCorr
                  | Str+4}
  4613 | D:4      | Noticed an ogre
  4616 | D:4      | Found a transporter.
  4717 | D:5      | Entered Level 5 of the Dungeon
  5176 | D:5      | Reached XP level 6. HP: 48/51 MP: 8/8
  5255 | D:5      | Noticed a sky beast
  5287 | D:5      | Killed a sky beast
  5713 | D:5      | Reached skill level 4 in Fighting
  5872 | D:5      | Killed from afar by an orc priest

Illustrated notes

Levels and vault maps discovered:
D:1:      dpeg_arrival_erosion, layout_basic,
          ebering_ecumenical_altar_sacrificial
D:2:      layout_basic
D:3:      layout_loops_ring, kennysheep_minor_cross, uniq_crazy_yiuf_cottage
D:4:      layout_basic, gammafunk_ghost_smash, serial_shops, shop_coins,
          hangedman_decor_peaks_small, columned_hall_lemuel,
          amcnicky_mini_corridor_feature
D:5:      layout_cave_pools, nzn_wu_jian_council_hall, nrook_campfire

Skill      XL: |  1  2  3  4  5  6 |
---------------+-------------------+-----
Fighting       | 3 4 |  4.0
Armour         | 2 3 |  3.3
Short Blades   | 3 |  3.7
Throwing       | 2 |  2.7
Dodging        | 3 |  3.7
Spellcasting   | 2 |  2.0
Translocations | 3 |  3.0

Action                   |  1- 3 |  4- 6 || total
-------------------------+-------+-------++-------
Melee: Short sword       |    84 |   132 ||   216
       Headbutt          |     8 |    27 ||    35
Throw: Boomerang         |     2 |     2 ||     4
  Use: Scroll            |       |     6 ||     6
Armor: Leather armour    |    15 |    39 ||    54
Dodge: Dodged            |    38 |    92 ||   130

Table legend: (Time is in decaauts)
 A = Elapsed time spent in this place.
 B = Non-inter-level travel time spent in this place.
 C = Inter-level travel time spent in this place.
 D = Time resting spent in this place.
 E = Time spent auto-exploring this place.
 F = Levels seen in this place.
 G = Mean time per level.
                   A        B        C        D        E       F      G
               +--------+--------+--------+--------+--------+-----+--------+
         Total |   5865 |   5562 |    303 |     20 |   5054 |   5 | 1173.0 |
       Dungeon |   5865 |   5562 |    303 |     20 |   5054 |   5 | 1173.0 |
               +--------+--------+--------+--------+--------+-----+--------+

Top non-repeatable levels by time:
     D:2: 1590 daAuts
     D:3: 1363 daAuts
     D:1: 1216 daAuts
     D:5: 903 daAuts
     D:4: 791 daAuts
